 Dungeon Crawl Stone Soup version 0.31.0-12-g77e489cdc1 (webtiles) character file.

Game seed: 16810847962470172731

59 Gadfly the Ruffian (level 3, -2/27 HPs)
             Began as a Demonspawn Shapeshifter on Feb 23, 2024.
             Slain by an orc
             ... wielding a +0 mace
              (5 damage)
             ... on level 3 of the Dungeon.
             The game lasted 00:02:14 (1334 turns).

Gadfly the Ruffian (Demonspawn Shapeshifter)        Turns: 1334, Time: 00:02:15

Health: -2/27      AC:  4    Str: 16    XL:     3   Next: 78%
Magic:  0/3        EV: 12    Int: 10    God:
Gold:   103        SH:  0    Dex: 12    Spells: 2/2 levels left

rFire   . .          .
                       - Unarmed
rCold   . . .        (no shield)
rNeg    . . .        a - +1 animal skin
rPois   .            (helmet currently unavailable)
rElec   .            (cloak currently unavailable)
rCorr   .            (gloves currently unavailable)
SInv    .            (boots currently unavailable)
Will    .....        f - amulet of guardian spirit
Stlth   +            (no ring)
HPRegen 0.24/turn    (no ring)
MPRegen 0.08/turn

%: guardian spirit
@: beast-form
A: beast (slay +1), rugged brown scales 1
a: Begin Untransformation


You were on level 3 of the Dungeon.
You were a hulking beast.
You visited 1 branch of the dungeon, and saw 3 of its levels.

You collected 103 gold pieces.

Inventory:

Armour
 a - a +1 animal skin (worn)
Jewellery
 f - an amulet of guardian spirit (around neck)
Talismans
 c - a beast talisman
 d - a flux talisman
Scrolls
 e - 2 scrolls of identify
 g - a scroll of teleportation
 i - a scroll of enchant armour
Potions
 b - a potion of lignification


   Skills:
 + Level 1.7 Fighting
 + Level 2.3 Dodging
 + Level 3.1 Unarmed Combat
 + Level 1.2 Evocations
 + Level 3.0 Shapeshifting


You had 2 spell levels left.
You didn't know any spells.
Your spell library contained the following spells:

 Spells                   Type           Power      Damage    Failure   Level
 Stone Arrow              Conj/Erth      0%         3d7       75%         3
 Animate Armour           Summ/Erth      0%         N/A       98%         4
 Lehudib's Crystal Spear  Conj/Erth      0%         10d2      100%        8


Dungeon Overview and Level Annotations

Branches:
Dungeon (3/15)

Altars:


Innate Abilities, Weirdness & Mutations

You are a hulking beast.
Your limbs bulge with bestial killing power. (Slay +1)
You are partially covered in rugged brown scales. (AC +1, +3% HP)


Message History

The orc closely misses you. The orc priest hits you with a +0 club.
You hit the orc priest. Your punch misses the orc priest.
The orc priest is severely wounded.
The orc misses you. The orc priest closely misses you.
You closely miss the orc priest.
The orc priest is severely wounded.
The orc closely misses you. Something hits you.
The orc priest hits you but does no damage.
Unknown command.
You hit the orc priest.
The orc priest is severely wounded.
You hear some strange, mumbled words.
You are confused.
The orc closely misses you. The orc priest closely misses you.
Unknown command.
You bump into the rock wall.
The orc hits you with a +0 mace.
* * * LOW HITPOINT WARNING * * *
You hear some strange, mumbled words.
Something tries to affect you, but you resist.
The orc priest hits you with a +0 club.
* * * LOW HITPOINT WARNING * * *
Unknown command.
You feel much better. Something hits you. The orc hits you with a +0 mace.
The orc priest hits you with a +0 club.
You're too confused to move!
Something hits you. The orc hits you with a +0 mace.
The orc priest closely misses you.
You bump into the rock wall.
The orc priest looks braver for a moment.
Something hits you but does no damage. The orc hits you with a +0 mace.
You closely miss the orc. Something hits you but does no damage.
The orc barely misses you.
The orc priest invokes the aid of Beogh against you.
Beogh smites you!
* * * LOW HITPOINT WARNING * * *
You hit something.
You feel less confused. Something hits you.
* * * LOW HITPOINT WARNING * * *
The orc hits you with a +0 mace.
You die...

#. .# .. ..# #.# #.##
.##.. ... . ...... #.#
.. #.#..r###.####..##
...#
....>ooo.........#
...#
.....g{h.........#
.....
#...#.###........#
..... # # #.####..#
......
#.####..##......
#.###........†......
...................#
.....##.####..##...#.
.... ....###..........
......................


You could see an orc priest, 2 orcs, a goblin and a rat.

Vanquished Creatures
  An adder (D:2)
  A dart slug (D:2)
  6 ball pythons
  5 endoplasms
  A giant cockroach (D:1)
  2 hobgoblins
  4 jackals (D:2)
  3 kobolds (D:2)
  5 quokkas
  4 bats
  3 frilled lizards
  5 goblins
  5 rats
45 creatures vanquished.

Notes
Turn   | Place    | Note
-------+----------+-------------------------------------------
     0 | D:1      | Gadfly the Demonspawn Shapeshifter began the quest for the
                  | Orb.
     0 | D:1      | Reached XP level 1. HP: 15/15 MP: 1/1
   148 | D:1      | Gained mutation: You are partially covered in rugged brown
                  | scales. (AC +1, +3% HP) [demonic ancestry]
   148 | D:1      | Reached XP level 2. HP: 15/21 MP: 2/2
   753 | D:2      | Reached skill level 1 in Evocations
   756 | D:2      | Reached XP level 3. HP: 15/26 MP: 1/3
  1334 | D:3      | Slain by an orc

Illustrated notes

Levels and vault maps discovered:
D:1:      evilmike_arrival_plus, layout_rooms, minmay_surrounded
D:2:      layout_basic
D:3:      layout_basic, nicolae_overflows_in_rows

Skill      XL: |  1  2  3 |
---------------+----------+-----
Dodging        | 2 |  2.3
Evocations     | 1 |  1.2
Unarmed Combat | 3 |  3.1
Shapeshifting  | 3 |  3.0
Fighting       | |  1.7

Action                     || total
---------------------------++-------
  Melee: Unarmed           ||   139
         Punch             ||     1
    Use: Scroll            ||     6
         Potion            ||     1
 Armour: Animal skin       ||    90
  Dodge: Dodged            ||   105
